 Dungeon Crawl Stone Soup version 0.29-a0-284-gf9362112df (webtiles) character file.

Game seed: 11855528246160618318

14 bwicke the Stinger (level 2, 0/22 HPs)
             Began as a Naga Venom Mage on Mar 30, 2022.
             Slain by a jackal (1 damage)
             ... on level 1 of the Dungeon.
             The game lasted 00:01:51 (367 turns).

bwicke the Stinger (Naga Venom Mage)                 Turns: 367, Time: 00:01:51

Health: 0/22       AC:  1    Str: 10    XL:     2   Next: 41%
Magic:  5/5        EV:  9    Int: 15    God:
Gold:   42         SH:  0    Dex: 11    Spells: 4/5 levels left

rFire   . . .      SeeInvis +   e - +0 trident
rCold   . . .      Faith    .   (no shield)
rNeg    . . .      Spirit   .   a - +0 robe
rPois   +          Reflect  .   (no helmet)
rElec   .          Harm     .   (no cloak)
rCorr   .          Rampage  .   (no gloves)
Will    .....                   (no barding)
Stlth   ++........              (no amulet)
HPRegen 0.07/turn               (no ring)
MPRegen 0.09/turn               (no ring)

@: very slow
A: AC +0, large, see invisible, deformed body, poison resistance, slowness 2,
spit poison 1, naga tail 1
a: Spit Poison


You were on level 1 of the Dungeon.
You visited 1 branch of the dungeon, and saw 1 of its levels.

You collected 42 gold pieces.

Inventory:

Hand Weapons
 c - a +0 hunting sling
 e - a +0 trident (weapon)
Armour
 a - a +0 robe (worn)
Scrolls
 d - a scroll of identify {unknown}
Potions
 b - a potion of magic


   Skills:
 - Level 1.5 Dodging
 - Level 3.0 Stealth
 - Level 2.0 Spellcasting
 - Level 1.0 Transmutations
 + Level 5.0 Poison Magic


You had 4 spell levels left.
You knew the following spells:

 Your Spells              Type           Power      Damage    Failure   Level
a - Sting                 Tmut/Pois      40%        1d5       6%          1

Your spell library contained the following spells:

 Spells                   Type           Power      Damage    Failure   Level
 Poisonous Vapours        Pois/Air       18%        N/A       12%         2
 Olgreb's Toxic Radiance  Pois           16%        N/A       28%         4
 Mephitic Cloud           Conj/Pois/Air  6%         N/A       32%         3


Dungeon Overview and Level Annotations

Branches:
Dungeon (1/15)

Altars:


Innate Abilities, Weirdness & Mutations

Your serpentine skin is tough. (AC +0)
You have supernaturally acute eyesight. (SInv)
Armour fits poorly on your strangely shaped body.
Your system is resistant to poisons. (rPois)
You cover ground very slowly.
You can spit poison.
You have a snake-like lower body.


Message History

The jackal bites you.
You see here a giant cockroach corpse.
You hit the jackal.
The jackal is almost dead.
The jackal misses you. The jackal bites you.
You hit the jackal.
You kill the jackal!
You see here a giant cockroach corpse.
A jackal comes into view.
The jackal barks!
The jackal bites you.
The jackal barks! x2
You closely miss the jackal.
The jackal stops to sniff the ground.
The jackal bites you.
You barely miss the jackal. The jackal barely misses you.
The jackal closely misses you.
You closely miss the jackal. Your punch misses the jackal.
The jackal bites you.
* * * LOW HITPOINT WARNING * * *
The jackal attacks as you move away! The jackal closely misses you.
The jackal bites you.
* * * LOW HITPOINT WARNING * * *
You see here a giant cockroach corpse.
The jackal bites you.
* * * LOW HITPOINT WARNING * * *
The jackal attacks as you move away!
The jackal bites you but does no damage.
The jackal bites you.
* * * LOW HITPOINT WARNING * * *
Casting: Sting (safe; 6% risk of failure)
Confirm with . or Enter, or press ? or * to list all spells.
Aiming: Sting (safe; 6% risk of failure)
Press: ? - help, Shift-Dir - straight line, f - jackal
Aim: a jackal (64% to hit)
Okay, then.
You hit the jackal. You punch the jackal, but do no damage.
The jackal is almost dead.
The jackal bites you.
You die...

#.. #.......# #.. #.......#
#..##.......# #...#....^..#
#...........# ###h##.######
#h# .# #####.# #h# .#
#.....# #@# .# #.....+ ###
#.##.# #.....### ..# #.##.#
#........ ###.### #.##.#
###........
##≈#.#≈###.##.###..........
##≈P...P≈##.##.............#
#≈P8P.P8P≈#.##.......#####.#
#≈P...P≈##.##......[# #..
#≈♣.<.P≈##..#....#### #####


You could see 3 jackals.

Vanquished Creatures
  2 bats (D:1)
  An endoplasm (D:1)
  2 giant cockroaches (D:1)
  A hobgoblin (D:1)
  A jackal (D:1)
  2 ball pythons (D:1)
  A kobold (D:1)
  3 rats (D:1)
13 creatures vanquished.

Vanquished Creatures (others)
  A plant (D:1)
  4 toadstools (D:1)
5 creatures vanquished.

Grand Total: 18 creatures vanquished

Notes
Turn   | Place    | Note
-------+----------+-------------------------------------------
     0 | D:1      | bwicke the Naga Venom Mage began the quest for the Orb.
     0 | D:1      | Reached XP level 1. HP: 15/15 MP: 3/3
   324 | D:1      | Reached XP level 2. HP: 22/22 MP: 5/5
   343 | D:1      | Reached skill level 5 in Poison Magic
   366 | D:1      | HP: 1/22 [jackal (1)]
   367 | D:1      | Slain by a jackal

Illustrated notes

Levels and vault maps discovered:
D:1:      ldierk_walled_garden_2, layout_basic, dreamdust_princess_corridor,
          chequers_big_river, hangedman_abyss_or_decor_stabs,
          serial_bayou_pond_e, minmay_pentomino_u2

Skill      XL: |  1  2 |
---------------+-------+-----
Poison Magic   | 5 |  5.0
Dodging        | |  1.5
Stealth        | |  3.0
Spellcasting   | |  2.0
Transmutations | |  1.0

Action                   || total
-------------------------++-------
Melee: Trident           ||    13
       Punch             ||     1
 Fire: Hunting sling     ||    16
 Cast: Sting             ||     5
Armor: Robe              ||     4
Dodge: Dodged            ||    10

Table legend: (Time is in decaauts)
 A = Elapsed time spent in this place.
 B = Non-inter-level travel time spent in this place.
 C = Inter-level travel time spent in this place.
 D = Time resting spent in this place.
 E = Time spent auto-exploring this place.
 F = Levels seen in this place.
 G = Mean time per level.
                   A        B        C        D        E       F      G
               +--------+--------+--------+--------+--------+-----+--------+
         Total |    488 |    488 |      0 |      0 |    304 |   1 |  488.0 |
       Dungeon |    488 |    488 |      0 |      0 |    304 |   1 |  488.0 |
               +--------+--------+--------+--------+--------+-----+--------+

Top non-repeatable levels by time:
     D:1: 488 daAuts
